 Dungeon Crawl Stone Soup version 0.18-a0-1685-g4482fe3 (webtiles) character file.

38333 4thArraOfDagon the Severer (level 14, -12/145 HPs)
             Began as a Hill Orc Berserker on Apr 4, 2016.
             Was a High Priest of Trog.
             Hit by a large rock thrown by a cyclops (22 damage)
             ... on level 2 of the Orcish Mines.
             The game lasted 00:23:46 (4719 turns).

4thArraOfDagon the Severer (Hill Orc Berserker)     Turns: 4719, Time: 00:23:47

Health: -12/145    AC: 19    Str: 31    XL:     14   Next: 1%
Magic:  23/23      EV:  9    Int:  7    God:    Trog [*****.]
Gold:   676        SH:  0    Dex: 15    Spells: 0 memorised, 13 levels left

rFire  . . .     SeeInvis .     S - +5 executioner's axe (elec)
rCold  + . .     Gourm    .     m - +0 plate armour
rNeg   . . .     Faith    .     (shield currently unavailable)
rPois  .         Spirit   .     j - +2 hat {MR+}
rElec  .         Dismiss  .     E - +0 cloak
rCorr  .         Reflect  .     (no gloves)
SustAt +         Harm     .     (no boots)
MR     ++++.     Rnd*Rage +     (no amulet)
Stlth  ..........               R - ring of magical power
                                y - ring "Ydwuiz" {SustAt Str+4 Dex+3 Stlth+}

@: lethally poisoned (-12 -> -14), about to teleport, regenerating, drained,
incredibly resistant to hostile enchantments, extremely unstealthy
A: agile 1, berserk 1, cold resistance 1, robust 1, strong 1
a: Berserk, Trog's Hand, Brothers in Arms, Burn Spellbooks, Renounce Religion


You were on level 2 of the Orcish Mines.
You worshipped Trog.
Trog was extremely pleased with you.
You were not hungry.

You visited 2 branches of the dungeon, and saw 16 of its levels.
You also visited: Ice Cave.

You collected 676 gold pieces.

Inventory:

Hand Weapons
 S - a +5 executioner's axe of electrocution (weapon)
Armour
 j - a +2 hat of magic resistance (worn)
 m - a +0 plate armour (worn)
 t - a +0 scale mail
 E - a +0 cloak (worn)
 H - a troll hide
Jewellery
 y - the ring "Ydwuiz" (left hand) {SustAt Str+4 Dex+3 Stlth+}
   (You found it in an ice cave)

   [ring of sustain attributes]

   It sustains your strength, intelligence and dexterity.
   It affects your strength (+4).
   It affects your dexterity (+3).
   It makes you more stealthy.
 I - an uncursed ring of ice
 R - a ring of magical power (right hand)
Wands
 d - a wand of acid (2/15)
 g - a wand of enslavement (17/24)
 w - a wand of paralysis (11/24)
 A - a wand of acid (5/15)
 F - a wand of iceblast (7/15)
Scrolls
 b - 2 scrolls of magic mapping
 e - 2 scrolls of fog {unknown}
 f - 4 scrolls of remove curse
 l - 4 scrolls of teleportation
 q - 2 scrolls of blinking {unknown}
 r - 3 scrolls of noise
 z - a scroll of enchant armour
 J - 3 scrolls of identify
 M - a scroll of immolation {unknown}
 O - a scroll of silence {unknown}
Potions
 h - 4 potions of curing
 i - 2 potions of heal wounds {unknown}
 o - 5 potions of flight
 p - 3 potions of haste
 s - a potion of ambrosia
 u - 2 potions of might
 x - 2 potions of resistance {unknown}
 G - a potion of lignification {unknown}
 N - 4 potions of cancellation
 Q - 2 potions of mutation {unknown}
Books
 n - a Young Poisoner's Handbook

   Spells                             Type                      Level
   a - Sting                          Conjuration/Poison           1
   b - Cure Poison                    Poison                       2
   c - Mephitic Cloud                 Conjuration/Poison/Air       3
   d - Olgreb's Toxic Radiance        Poison                       4
   e - Venom Bolt                     Conjuration/Poison           5
   Trog disapproves of the use of such an item.
 K - a Young Poisoner's Handbook

   Spells                             Type                      Level
   a - Sting                          Conjuration/Poison           1
   b - Cure Poison                    Poison                       2
   c - Mephitic Cloud                 Conjuration/Poison/Air       3
   d - Olgreb's Toxic Radiance        Poison                       4
   e - Venom Bolt                     Conjuration/Poison           5
   Trog disapproves of the use of such an item.
 L - a book of Cantrips

   Spells                             Type                      Level
   a - Corona                         Hexes                        1
   b - Animate Skeleton               Necromancy                   1
   c - Summon Small Mammal            Summoning                    1
   d - Apportation                    Translocation                1
   Trog disapproves of the use of such an item.
Comestibles
 a - a beef jerky
 c - 2 bread rations
 k - 5 chunks of flesh
 v - 2 meat rations
 C - a royal jelly
 D - a slice of pizza
 P - 3 fruits


   Skills:
 + Level 14.2(14.0) Fighting
 * Level 20.0(19.8) Axes
 + Level 13.0(12.9) Armour
 - Level 1.5(1.4) Dodging


You had 13 spell levels left.
You didn't know any spells.

Dungeon Overview and Level Annotations

Branches:
Dungeon (15/15)              Lair (0/8) D:8             Orc (2/2) D:11
 Vaults (0/5) D:14
 Temple: D:4-7          Elf: Orc:2       Depths: D:15

Altars:
Yredelemnul

Shops:
D:12 [

Annotations:
Orc:2 Nessos


Innate Abilities, Weirdness & Mutations

You are agile. (Dex +2)
You tend to lose your temper in combat.
Your flesh is cold resistant.
You are robust (+10% HP).
Your muscles are strong. (Str +2)


Message History

* * * LOW HITPOINT WARNING * * *
The poisoned arrow burns you!
* * * LOW HITPOINT WARNING * * *
You are more poisoned.
Unknown command.
Unknown command.
Unknown command.
Drink which item? (? for menu, Esc to quit)
Okay, then.
You feel very sick.
The cyclops throws a large rock.
The large rock hits you!!
* * * LOW HITPOINT WARNING * * *
Nessos casts a spell.
Nessos seems to speed up.
You see here a large rock.
Unknown command.
Unknown command.
Unknown command.
You feel sick.
The cyclops throws a large rock.
The large rock hits you!!
You die...

...........## ...#
#.......)^..## ....#
#......)()...# .....
#......)..#.###.....
##......<.#.#.......
#..........#........
...........(........
............(......#
.....#.#.@......C.##
....####.#(()....##
..## ###.()...##
#........#
...........#
.............#
...$..c.##......
$......## #.....
.....c## ....


You could see Nessos and a cyclops.

Vanquished Creatures
  Gastronok (D:8)
  A frost giant (IceCv)
  2 centaur warriors
  A catoblepas (D:14)
  2 dancing weapons (D:14)
  3 death yaks (IceCv)
  A tengu warrior (D:14)
  An unseen horror (D:15)
  An orc knight (D:13)
  3 hill giants
  10 ugly things
  4 cyclopes
  2 manticores
  Maurice (D:10)
  6 centaur zombies
  Psyche (D:9)
  An ice statue (IceCv)
  3 centaur skeletons
  8 trolls
  11 polar bears (IceCv)
  A harpy zombie (D:15)
  6 slime creatures (D:13)
  Prince Ribbit (D:8)
  A harpy skeleton (D:14)
  2 wraiths
  3 wyverns
  32 yaks
  A basilisk (D:15)
  A human (shapeshifter) (D:12)
  A hippogriff (D:12)
  3 hungry ghosts
  3 vampire mosquitoes (D:14)
  4 sky beasts
  3 ice beasts
  7 orc warriors
  A phantom (D:10)
  A necrophage (D:12)
  2 ogres
  2 eyes of draining
  12 wolves
  9 centaurs
  A crocodile (D:13)
  2 big kobolds
  5 giant frogs
  2 scorpions (D:4)
  3 wights (D:13)
  4 howler monkeys
  A crimson imp (D:9)
  A jelly (D:14)
  A wasp zombie (D:10)
  11 orc wizards
  9 orc priests
  2 hounds
  Ijyb (D:2)
  3 worker ants
  2 iguanas
  A killer bee zombie (D:10)
  4 sheep (D:12)
  A hound skeleton (D:7)
  3 gnolls (D:9)
  8 adders
  A river rat (D:8)
  A shadow imp (D:8)
  An ooze (D:1)
  An ufetubus (D:8)
  2 giant geckos (D:2)
  43 orcs
  A ball python (D:2)
  A giant cockroach (D:7)
  2 goblins
  2 hobgoblins
  11 jackals
  A quokka (D:4)
  6 bats
  2 giant newts
  10 kobolds
  2 rats
311 creatures vanquished.

Vanquished Creatures (collateral kills)
  2 polar bears (IceCv)
  A yak (IceCv)
3 creatures vanquished.

Vanquished Creatures (others)
  2 wolves (IceCv)
  A fungus (D:8)
3 creatures vanquished.

Grand Total: 317 creatures vanquished

Notes
Turn   | Place    | Note
--------------------------------------------------------------
     0 | D:1      | 4thArraOfDagon the Hill Orc Berserker began the quest for the Orb.
     0 | D:1      | Reached XP level 1. HP: 19/19 MP: 1/1
    46 | D:1      | Reached XP level 2. HP: 23/27 MP: 2/2
   310 | D:2      | Noticed Ijyb
   352 | D:2      | Killed Ijyb
   352 | D:2      | Reached skill level 5 in Axes
   352 | D:2      | Reached XP level 3. HP: 33/33 MP: 3/3
   534 | D:3      | Found a basalt altar of Yredelemnul.
   604 | D:3      | Reached ** piety under Trog
   604 | D:3      | Reached XP level 4. HP: 40/40 MP: 4/4
   714 | D:4      | Reached XP level 5. HP: 47/47 MP: 5/5
   718 | D:4      | Reached skill level 6 in Axes
   793 | D:4      | Reached skill level 5 in Fighting
   798 | D:4      | You fall through a shaft for 3 floors!
   842 | D:7      | Reached XP level 6. HP: 56/56 MP: 6/6
   929 | D:7      | Noticed a necrophage
   929 | D:7      | Noticed a hungry ghost
   949 | D:8      | Reached skill level 7 in Axes
   975 | D:8      | Noticed Gastronok
   979 | D:8      | Noticed Prince Ribbit
   980 | D:8      | Noticed a wyvern
  1024 | D:8      | Noticed a sky beast
  1034 | D:8      | Killed a sky beast
  1034 | D:8      | Reached XP level 7. HP: 62/62 MP: 7/7
  1053 | D:8      | HP: 2/62 [wolf (9)]
  1056 | D:8      | Reached skill level 8 in Axes
  1066 | D:9      | Noticed a yak
  1067 | D:9      | Noticed a yak
  1071 | D:9      | Noticed a yak
  1075 | D:9      | Killed a yak
  1077 | D:9      | Killed a yak
  1077 | D:9      | Reached skill level 5 in Armour
  1083 | D:9      | Killed a yak
  1083 | D:9      | Reached skill level 9 in Axes
  1083 | D:9      | Reached XP level 8. HP: 20/71 MP: 8/8
  1133 | D:9      | Reached skill level 10 in Axes
  1187 | D:8      | Killed Prince Ribbit
  1188 | D:8      | Killed a wyvern
  1336 | D:8      | Killed Gastronok
  1336 | D:8      | Reached skill level 12 in Axes
  1336 | D:8      | Reached XP level 9. HP: 77/83 MP: 9/9
  1336 | D:8      | Reached XP level 10. HP: 85/91 MP: 10/10
  1379 | D:8      | Found a staircase to the Lair.
  1501 | D:9      | Reached skill level 13 in Axes
  1815 | D:9      | Noticed Psyche
  1826 | D:9      | Killed Psyche
  1845 | D:8      | Reached *** piety under Trog
  1874 | D:8      | Gained mutation: You tend to lose your temper in combat. [mutagenic meat]
  1875 | D:8      | Gained mutation: Your flesh is cold resistant. [mutagenic meat]
  1876 | D:8      | Gained mutation: Your body sometimes deteriorates upon taking damage. [mutagenic meat]
  1878 | D:8      | Gained mutation: Your muscles are strong. (Str +2) [mutagenic meat]
  1879 | D:8      | Lost mutation: Your body sometimes deteriorates upon taking damage. [mutagenic meat]
  2021 | D:10     | Entered Level 10 of the Dungeon
  2029 | D:10     | Noticed a hill giant
  2030 | D:10     | Noticed Maurice
  2037 | D:10     | Killed a hill giant
  2037 | D:10     | Reached skill level 14 in Axes
  2043 | D:10     | Killed Maurice
  2043 | D:10     | Reached skill level 10 in Fighting
  2081 | D:10     | Noticed a hill giant
  2098 | D:10     | Killed a hill giant
  2234 | D:11     | Found a staircase to the Orcish Mines.
  2256 | D:11     | Reached XP level 11. HP: 101/101 MP: 11/11
  2272 | D:11     | Reached skill level 15 in Axes
  2273 | D:11     | Reached **** piety under Trog
  2282 | D:11     | Noticed a hill giant
  2290 | D:11     | Killed a hill giant
  2423 | D:12     | Found a frozen archway.
  2430 | IceCv    | Entered an ice cave
  2548 | IceCv    | Got a fine steel ring
  2549 | IceCv    | Identified the ring "Ydwuiz" {SustAt Str+4 Dex+3 Stlth+} (You found it in an ice cave)
  2580 | IceCv    | Reached skill level 10 in Armour
  2650 | IceCv    | Reached skill level 16 in Axes
  2734 | IceCv    | Noticed a death yak
  2751 | IceCv    | Killed a death yak
  2797 | IceCv    | Noticed a death yak
  2817 | IceCv    | Killed a death yak
  2818 | IceCv    | Reached XP level 12. HP: 92/112 MP: 12/12
  2829 | IceCv    | Reached ***** piety under Trog
  2956 | IceCv    | Noticed a death yak
  2956 | IceCv    | Noticed a frost giant
  2993 | IceCv    | Killed a frost giant
  2993 | IceCv    | Reached skill level 17 in Axes
  2995 | IceCv    | Killed a death yak
  3369 | D:14     | Reached skill level 18 in Axes
  3431 | D:14     | Reached XP level 13. HP: 122/122 MP: 13/13
  3452 | D:14     | Gained mutation: You are agile. (Dex +2) [mutagenic meat]
  3453 | D:14     | Gained mutation: You are robust (+10% HP). [mutagenic meat]
  3468 | D:14     | You fall through a shaft!
  3468 | D:15     | Entered Level 15 of the Dungeon
  3544 | D:14     | Received a gift from Trog
  3551 | D:14     | Reached skill level 19 in Axes
  3555 | D:14     | Found a gate to the Vaults.
  3905 | D:14     | Received a gift from Trog
  4453 | D:12     | Found Kirusew's Armour Shop.
  4531 | D:11     | Reached skill level 20 in Axes
  4570 | D:11     | Reached XP level 14. HP: 118/145 MP: 14/14
  4621 | Orc:1    | Entered Level 1 of the Orcish Mines
  4689 | Orc:2    | Entered Level 2 of the Orcish Mines
  4715 | Orc:2    | Noticed Nessos
  4719 | Orc:2    | Hit by a large rock thrown by a cyclops

Vault maps used:
D:1:      dpeg_arrival_renting, serial_bayou_pond_d
D:2:      grunt_ministairs_5, uniq_iyjb, uniq_jessica
D:3:      yredelemnul_altar_generic, first_bread, moated_statue
D:4:      tgw_trog, grunt_temple_overflow_open, minmay_three_crescents,
          uniq_natasha
D:6:      nemelex_deck, uniq_duvessa, uniq_grinder
D:7:      wad_river_or_something, lemuel_doored_altar, st_stairs_10
D:8:      tso_oasis_becter, ashenzari_altar_1, due_lair_maze_entry_diamond,
          serial_ice, serial_ice_e, serial_ice_m, serial_ice_l, serial_ice_n,
          uniq_joseph, uniq_prince_ribbit1, uniq_gastronok
D:9:      wad_pebble_path, uniq_psyche
D:10:     uniq_maurice, uniq_josephine
D:11:     hiddenorc2_lemuel
D:12:     portal_ice_cave_entry_pillars_02, serial_shops, kennysheep_mini_moat
D:13:     hangedman_tree_tricks, uniq_rupert
D:14:     erik_vaults_1
D:15:     hangedman_depths_entry_try_elsewhere_first, corexii_hall_statues_x
Orc:2:    grunt_orc_cross, uniq_nessos
IceCv:    ice_cave_caverns_03

Skill      XL: |  1  2  3  4  5  6  7  8  9 10 11 12 13 |
---------------+----------------------------------------+-----
Fighting       | 4 5 6 9 10 11 13 14 | 14.2
Axes           | 5 6 7 9 12 14 16 18 20 | 20.0
Armour         | 3 4 5 7 9 10 11 13 | 13.0
Dodging        | |  1.5

Action                   |  1- 3 |  4- 6 |  7- 9 | 10-12 | 13-15 || total
-------------------------+-------+-------+-------+-------+-------++-------
Melee: Hand axe          |    76 |    81 |    56 |   154 |       ||   367
       War axe           |       |       |       |   247 |       ||   247
       Battleaxe         |       |       |       |    89 |    98 ||   187
       Executioner's axe |       |       |       |       |   112 ||   112
Invok: Berserk           |     2 |     4 |     4 |    18 |     2 ||    30
       Trog's Hand       |       |       |     4 |     8 |     5 ||    17
       Brothers in Arms  |       |       |       |     1 |       ||     1
Evoke: Wand              |       |       |     3 |       |       ||     3
  Use: Potion            |       |     5 |     2 |       |       ||     7
       Scroll            |       |     2 |     2 |     6 |     2 ||    12
 Stab: Petrifying        |       |       |       |       |     1 ||     1
  Eat: Chunk             |       |     6 |     5 |    34 |    12 ||    57
       Beef jerky        |       |       |     1 |       |       ||     1
